 Dungeon Crawl Stone Soup version 0.20.1-1-g8b1a95d (webtiles) character file.

820 Peloso the Shield-Bearer (level 7, 0/61 HPs)
             Began as a Minotaur Fighter on July 28, 2017.
             Was an Initiate of Okawaru.
             Succumbed to a killer bee's poison
             ... on level 4 of the Dungeon.
             The game lasted 00:08:50 (3311 turns).

Peloso the Shield-Bearer (Minotaur Fighter)         Turns: 3311, Time: 00:08:50

Health: 0/61       AC: 14    Str: 25    XL:     7   Next: 63%
Magic:  6/6        EV:  6    Int:  5    God:    Okawaru [......]
Gold:   149        SH: 11    Dex: 12    Spells: 6/6 levels left

rFire    . . .     SeeInvis .   a - +1 long sword
rCold    . . .     Gourm    .   c - +0 shield
rNeg     . . .     Faith    .   s - +1 plate armour
rPois    .         Spirit   .   (helmet restricted)
rElec    .         Reflect  .   j - +0 cloak
rCorr    .         Harm     .   (no gloves)
MR       .....                  (no boots)
Stlth    ..........             (no amulet)
Regen    0.2/turn               (no ring)
MPRegen  0.1/turn               (no ring)

@: mighty, lethally poisoned (0 -> -9)
A: retaliatory headbutt, horns 2
a: Renounce Religion


You were on level 4 of the Dungeon.
You worshipped Okawaru.
Okawaru was noncommittal.
You were not hungry.

You visited 2 branches of the dungeon, and saw 5 of its levels.

You collected 149 gold pieces.

Inventory:

Hand Weapons
 a - a +1 long sword (weapon)
 e - the +1 mace "Attoarybi" {freeze, +Blink rC++ Int-3}
   (You found it on level 4 of the Dungeon)

   It has been specially enchanted to freeze those struck by it, causing extra
   injury to most foes and up to half again as much damage against particularly
   susceptible opponents.
   It can also slow down cold-blooded creatures.
   It affects your intelligence (-3).
   It greatly protects you from cold.
   It lets you blink.
Armour
 c - a +0 shield (worn)
 j - a +0 cloak (worn)
 s - a +1 plate armour (worn)
Scrolls
 b - a scroll of enchant weapon
 h - a scroll of remove curse
 m - a scroll of enchant armour
Potions
 d - a potion of might
 i - 2 potions of brilliance
 q - a potion of curing {unknown}
 u - a potion of flight
Comestibles
 f - 3 bread rations
 g - 7 chunks of flesh
 o - a meat ration


   Skills:
 + Level 5.5 Fighting
 + Level 6.0 Long Blades
 + Level 5.9 Armour
 + Level 1.5 Dodging
 + Level 0.1 Stealth
 + Level 6.6 Shields


You had 6 spell levels left.
You didn't know any spells.

Dungeon Overview and Level Annotations

Branches:
Dungeon (4/15)             Temple (1/1) D:4

Altars:
Ashenzari
Elyvilon
Gozag
Hepliaklqana
Kikubaaqudgha
Makhleb
Nemelex Xobeh
Okawaru
Ru
Sif Muna
Uskayaw
Vehumet
Xom
Zin

Annotations:
D:4 OneorTwo's ghost, amateur DsGl


Innate Abilities, Weirdness & Mutations

You reflexively headbutt those who attack you in melee.
You have a pair of horns on your head.


Message History

* * * LOW HITPOINT WARNING * * *
You feel sick. The killer bee barely misses you.
You block the killer bee's attack.
Unknown command.
You slash the killer bee!
You kill the killer bee!
Okawaru accepts your kill.
Your Long Blades skill increases to level 6!
* * * LOW HITPOINT WARNING * * *
You feel sick.
You slash OneorTwo's ghost!
OneorTwo's ghost is moderately damaged.
* * * LOW HITPOINT WARNING * * *
You feel sick. OneorTwo's ghost hits you.
* * * LOW HITPOINT WARNING * * *
Unknown command.
Unknown command.
You slash OneorTwo's ghost!
OneorTwo's ghost is severely damaged.
You die...

########### #..@W......
##### #.######### #...#
#...#....# #...#
###.#.##.#.# ### #...#
#.#<.#.#.# ..#
#...#######.#..#.#.#
..####รท.)#....##....#.#.#
..'...........^.....>.#.#
..#.######....#####...#.#


You could see OneorTwo's ghost.

Vanquished Creatures
  2 scorpions (D:4)
  4 killer bees (D:4)
  4 crimson imps (D:3)
  A hound (D:4)
  An orc priest (D:4)
  An orc wizard (D:4)
  A bullfrog skeleton (D:4)
  2 worker ants (D:4)
  Robin (D:3)
  9 adders
  7 gnolls (D:3)
  An ooze (D:3)
  2 worms (D:4)
  A dart slug (D:3)
  A leopard gecko (D:1)
  4 orcs
  7 bats
  6 giant cockroaches
  13 goblins
  8 hobgoblins
  9 jackals
  3 quokkas
  4 frilled lizards
  5 kobolds
  2 rats
99 creatures vanquished.

Notes
Turn   | Place    | Note
-------+----------+-------------------------------------------
     0 | D:1      | Peloso the Minotaur Fighter began the quest for the Orb.
     0 | D:1      | Reached XP level 1. HP: 19/19 MP: 0/0
   323 | D:1      | Reached XP level 2. HP: 27/27 MP: 1/1
   919 | D:2      | Reached XP level 3. HP: 27/33 MP: 2/2
  1404 | D:3      | Reached XP level 4. HP: 21/40 MP: 3/3
  1716 | D:3      | Noticed Robin
  1741 | D:3      | Reached skill level 5 in Shields
  1749 | D:3      | Killed Robin
  1749 | D:3      | Reached XP level 5. HP: 41/47 MP: 4/4
  1780 | D:3      | Found a shimmering altar of Xom.
  1900 | D:3      | Reached skill level 1 in Dodging
  2199 | D:3      | Reached XP level 6. HP: 52/53 MP: 5/5
  2267 | D:3      | Reached skill level 5 in Armour
  2305 | D:3      | Reached skill level 5 in Long Blades
  2352 | D:3      | Found a deep blue altar of Sif Muna.
  2403 | D:3      | Found a hazy altar of Hepliaklqana.
  2855 | D:4      | Found a staircase to the Ecumenical Temple.
  2924 | Temple   | Entered the Ecumenical Temple
  2964 | Temple   | Became a worshipper of Warmaster Okawaru
  3094 | D:4      | Reached skill level 5 in Fighting
  3145 | D:4      | Reached XP level 7. HP: 59/61 MP: 6/6
  3265 | D:4      | Got a crystal mace
  3266 | D:4      | Identified the cursed +1 mace "Attoarybi" {freeze, +Blink rC++ Int-3} (You found it on level 4 of the Dungeon)
  3290 | D:4      | Noticed OneorTwo's ghost (amateur DsGl)
  3310 | D:4      | HP: 1/61 [OneorTwo's ghost (5)]
  3311 | D:4      | Succumbed to a killer bee's poison

Skill      XL: |  1  2  3  4  5  6  7 |
---------------+----------------------+-----
Shields        | 4 5 6 |  6.6
Fighting       | 4 5 |  5.5
Armour         | 4 5 |  5.9
Long Blades    | 3 4 5 6 |  6.0
Dodging        | 1 |  1.5
Stealth        | |  0.1

Action                   |  1- 3 |  4- 6 |  7- 9 || total
-------------------------+-------+-------+-------++-------
Melee: Long sword        |   101 |   180 |    52 ||   333
       Headbutt          |    12 |    24 |     7 ||    43
  Use: Scroll            |       |    10 |     1 ||    11
       Potion            |       |       |     1 ||     1
  Eat: Chunk             |     2 |     6 |       ||     8
Armor: Scale mail        |    45 |    25 |       ||    70
       Chain mail        |       |    21 |       ||    21
       Plate armour      |       |    61 |    34 ||    95
Dodge: Dodged            |    31 |    51 |    15 ||    97
Block: Shield            |    66 |   100 |    29 ||   195
       Rpst.: Long sword |     5 |    14 |     2 ||    21
